 Dungeon Crawl Stone Soup version 0.28.0-53-g5a82cb258f (webtiles) character file.

Game seed: 17276285713423324030

9 DildoBatman the Conjurer (level 2, -2/20 HPs)
             Began as a Formicid Conjurer on July 7, 2022.
             Slain by a gnoll
             ... wielding a +0 club
              (7 damage)
             ... on level 1 of the Dungeon.
             The game lasted 00:00:26 (52 turns).

DildoBatman the Conjurer (Formicid Conjurer)          Turns: 52, Time: 00:00:27

Health: -2/20      AC:  2    Str: 11    XL:     2   Next: 25%
Magic:  4/5        EV: 12    Int: 17    God:
Gold:   0          SH:  0    Dex:  9    Spells: 2/5 levels left

rFire   . . .      SeeInvis +   b - +1 mace (vorpal)
rCold   . . .      Faith    .   (no shield)
rNeg    . . .      Spirit   .   a - +0 robe
rPois   .          Reflect  .   (helmet unavailable)
rElec   .          Harm     .   (no cloak)
rCorr   .          Rampage  .   (no gloves)
Will    .....                   (no boots)
Stlth   ++........              (no amulet)
HPRegen 0.06/turn               (no ring)
MPRegen 0.09/turn               (no ring)

@: no status effects
A: permanent stasis, dig shafts and tunnels, antennae 3, four strong arms
a: Dig, Shaft Self


You were on level 1 of the Dungeon.
You visited 1 branch of the dungeon, and saw 1 of its levels.

Inventory:

Hand Weapons
 b - a +1 vorpal mace (weapon)
Armour
 a - a +0 robe (worn)


   Skills:
 * Level 0.5 Fighting
 * Level 0.5 Armour
 * Level 1.9 Dodging
 - Level 2.4 Stealth
 * Level 2.3 Spellcasting
 * Level 3.7 Conjurations


You had 2 spell levels left.
You knew the following spells:

 Your Spells              Type           Power      Damage    Failure   Level
a - Searing Ray           Conj           28%        2d5       6%          2
c - Magic Dart            Conj           56%        1d5       4%          1

Your spell library contained the following spells:

 Spells                   Type           Power      Damage    Failure   Level
 Dazzling Flash           Conj/Hex       16%        N/A       26%         3
 Fulminant Prism          Conj/Hex       4%         3d6       65%         4
 Iskenderun's Mystic Bla  Conj/Tloc      8%         2d4       65%         4


Dungeon Overview and Level Annotations

Branches:
Dungeon (1/15)

Altars:


Innate Abilities, Weirdness & Mutations

You cannot be hasted, slowed, berserked, paralysed or teleported.
You can dig through walls and to a lower floor.
You have a pair of large antennae on your head. (SInv)
Your four strong arms can wield two-handed weapons with a shield.


Message History

The bat hits you but does no damage.
You hit the hobgoblin.
You kill the hobgoblin!
The bat hits you. x2
The bat misses you.
You closely miss the bat. The bat closely misses you. The bat misses you.
The bat hits you. The bat hits you but does no damage. The bat hits you.
You hit the bat.
You kill the bat!
Casting: Magic Dart (safe; 4% risk of failure)
Confirm with . or Enter, or press ? or * to list all spells.
You can't see any susceptible monsters within range! (Use Z to cast anyway.) No target in view!
Memorise Searing Ray, consuming 2 spell levels and leaving 2?
You start memorising the spell.
You continue memorising. x2
You finish memorising.
Spell assigned to 'a'.
A gnoll comes into view. It is wielding a +0 club.
You see here a rat corpse.
Casting: Magic Dart (safe; 4% risk of failure)
Confirm with . or Enter, or press ? or * to list all spells.
Aiming: Magic Dart (safe; 4% risk of failure)
Press: ? - help, Shift-Dir - straight line, f - gnoll
Aim: a gnoll, wielding a +0 club (wandering, hasn't noticed you, 100% to hit)
The magic dart hits the gnoll.
The gnoll is moderately wounded.
The gnoll shouts!
The gnoll closely misses you.
You hit the gnoll but do no damage.
The gnoll is moderately wounded.
The gnoll hits you with a +0 club. x2
You hit the gnoll.
The gnoll is severely wounded.
The gnoll hits you with a +0 club!
You die...

..≈≈≈≈≈.≈≈≈≈≈≈≈≈≈≈.#
#..≈≈≈≈≈.≈≈≈≈≈≈≈≈≈≈.#
#..≈≈≈8≈≈.≈≈≈≈≈8≈≈≈.#
#...≈≈≈≈≈≈.≈≈≈≈≈≈≈..#
#.)..≈≈≈≈≈.≈≈≈≈≈≈..####
#.....≈≈≈.≈≈≈≈≈≈......#
#....$...####[)..#
##......!.####.####
.......@.......###
.#....g#.........#
.......#.........#
.......#.†.......#
.......##!.......#
....... ###......#
....... #....).#
....... .......#
.......#


You could see a gnoll.

Vanquished Creatures
  A dart slug (D:1)
  A bat (D:1)
  2 hobgoblins (D:1)
  A kobold (D:1)
  A frilled lizard (D:1)
  A rat (D:1)
7 creatures vanquished.

Vanquished Creatures (others)
  4 plants (D:1)
4 creatures vanquished.

Grand Total: 11 creatures vanquished

Notes
Turn   | Place    | Note
-------+----------+-------------------------------------------
     0 | D:1      | DildoBatman the Formicid Conjurer began the quest for the
                  | Orb.
     0 | D:1      | Reached XP level 1. HP: 13/13 MP: 3/3
    34 | D:1      | Reached XP level 2. HP: 19/20 MP: 5/5
    47 | D:1      | Learned a level 2 spell: Searing Ray
    52 | D:1      | Slain by a gnoll

Illustrated notes

Levels and vault maps discovered:
D:1:      nzn_arrival_water_spiral, layout_rooms, serial_shops,
          nicolae_diamond_shop, nicolae_grassy_gnolls

Action                   || total
-------------------------++-------
Melee: Mace              ||    13
 Cast: Magic Dart        ||     1
Armor: Robe              ||     3
Dodge: Dodged            ||    12
